 Dungeon Crawl Stone Soup version 0.22-a0-880-gb7b0c8b (webtiles) character file.

154 Phagon the Skirmisher (level 5, -1/33 HPs)
             Began as a Gargoyle Monk on July 30, 2018.
             Slain by an orc
             ... wielding a +0 flail
              (2 damage)
             ... on level 3 of the Dungeon.
             The game lasted 00:06:42 (2105 turns).

Phagon the Skirmisher (Gargoyle Monk)               Turns: 2105, Time: 00:06:42

Health: -1/33      AC: 10    Str: 15    XL:     5   Next: 36%
Magic:  5/5        EV: 17    Int: 11    God:
Gold:   153        SH:  0    Dex: 12    Spells: 4/4 levels left

rFire    . . .     SeeInvis .   a - +1 mace
rCold    . . .     Gourm    .   (no shield)
rNeg     + . .     Faith    .   p - +1 ring mail
rPois    ∞         Spirit   .   (no helmet)
rElec    +         Reflect  .   (no cloak)
rCorr    .         Harm     .   (no gloves)
MR       .....                  (no boots)
Stlth    +.........             (no amulet)
HPRegen  0.11/turn              e - +5 ring of evasion
MPRegen  0.09/turn              (no ring)

@: hasted, very quick
A: negative energy resistance 1, electricity resistance, unbreathing,
petrification resistance, rot immunity, AC +4
a: no special abilities


You were on level 3 of the Dungeon.
You were not hungry.

You visited 1 branch of the dungeon, and saw 3 of its levels.

You collected 153 gold pieces.

Inventory:

Hand Weapons
 a - a +1 mace (weapon)
 b - a +0 hunting sling
Missiles
 j - 86 stones
 m - 11 sling bullets
 o - a throwing net (quivered)
Armour
 f - a +0 leather armour
 p - a +1 ring mail (worn)
Jewellery
 e - a +5 ring of evasion (left hand)
Wands
 k - a wand of flame (27)
Scrolls
 g - 3 scrolls of teleportation
Potions
 h - 2 potions of curing {unknown}
 i - 2 potions of agility {unknown}
 n - a potion of flight {unknown}
 q - a potion of lignification {unknown}
Comestibles
 c - 4 rations


   Skills:
 + Level 4.3 Fighting
 + Level 4.0 Maces & Flails
 + Level 2.3 Armour
 + Level 3.1 Dodging
 - Level 2.1 Stealth


You had 4 spell levels left.
You didn't know any spells.
Your spell library was empty.

Dungeon Overview and Level Annotations

Branches:
Dungeon (3/15)

Altars:
Trog


Innate Abilities, Weirdness & Mutations

You are resistant to torment.
Your stone body is resilient. (AC +4)
You are immune to poison.
You resist negative energy. (rN+)
You are resistant to electric shocks. (rElec)
You can survive without breathing.
You are immune to petrification.
You are immune to rotting.


Message History

* * * LOW HITPOINT WARNING * * *
The orc priest barely misses you. The adder bites you.
* * * LOW HITPOINT WARNING * * *
You hit the orc priest.
The orc priest is moderately wounded.
The orc completely misses you. The adder barely misses you.
The orc priest hits you but does no damage.
You hit the orc priest.
The orc priest is severely wounded.
The adder misses you.
You hit the orc priest.
The orc priest is almost dead.
The orc hits you but does no damage.
The orc priest looks satisfied for a moment.
The adder misses you.
You hit the orc priest.
You kill the orc priest!
Your Maces & Flails skill increases to level 4!
The adder closely misses you. The orc hits you with a flail.
You die...

..............#........#
.........#....#........#
...###...#....#........#
...###......####.......#
.#..........# #.......#
............# #.......#
.........##.####o.......
.........##....S$####'##
...###...##....o@# ...
#.....+......+ ..
#.....#......#
#..........### .......#
........+ ###.....#
#....


You could see an orc priest, an adder and an orc.

Vanquished Creatures
  An orc priest (D:3)
  Jessica (D:2)
  A worker ant (D:3)
  2 adders
  A worm (D:3)
  A dart slug (D:1)
  5 leopard geckos
  2 orcs (D:3)
  6 bats
  A giant cockroach (D:1)
  5 goblins
  4 hobgoblins
  2 jackals (D:2)
  7 kobolds
  6 rats
45 creatures vanquished.

Vanquished Creatures (others)
  A bat (D:1)
1 creature vanquished.

Grand Total: 46 creatures vanquished

Notes
Turn   | Place    | Note
-------+----------+-------------------------------------------
     0 | D:1      | Phagon the Gargoyle Monk began the quest for the Orb.
     0 | D:1      | Reached XP level 1. HP: 14/14 MP: 1/1
   375 | D:1      | Reached XP level 2. HP: 16/19 MP: 2/2
   753 | D:1      | Reached skill level 1 in Armour
   753 | D:1      | Reached XP level 3. HP: 18/24 MP: 3/3
  1370 | D:2      | Noticed Jessica
  1376 | D:2      | Killed Jessica
  1430 | D:2      | Reached XP level 4. HP: 29/29 MP: 4/4
  1915 | D:3      | Found a bloodstained altar of Trog.
  1950 | D:3      | Reached XP level 5. HP: 33/33 MP: 5/5
  2101 | D:3      | HP: 1/33 [adder (1)]
  2105 | D:3      | Slain by an orc

Vault maps used:
D:1:      zelgadis_glass_arrival_small, serial_forest,
          infiniplex_forest_clump_long, infiniplex_forest_lined_4_way,
          infiniplex_forest_clump_cross, infiniplex_forest_clump_tiny,
          infiniplex_forest_lined_corner, infiniplex_forest_split,
          infiniplex_forest_straight_1, minivault_19, serial_park_tiny_1,
          lemuel_old_faithful
D:2:      cheibrodos_old_hovel, uniq_jessica
D:3:      lemuel_crystal_altar

Skill      XL: |  1  2  3  4  5 |
---------------+----------------+-----
Armour         | 1 2 |  2.3
Fighting       | 4 |  4.3
Dodging        | 3 |  3.1
Maces & Flails | 4 |  4.0
Stealth        | |  2.1

Action                   |  1- 3 |  4- 6 || total
-------------------------+-------+-------++-------
Melee: Mace              |    66 |    63 ||   129
 Fire: Hunting sling     |     5 |    16 ||    21
Throw: Stone             |     1 |       ||     1
  Use: Scroll            |     4 |     3 ||     7
       Potion            |       |     1 ||     1
 Stab: Sleeping          |     2 |       ||     2
  Eat: Chunk             |     2 |     2 ||     4
Armor: Robe              |     5 |       ||     5
       Leather armour    |    16 |       ||    16
       Ring mail         |     1 |    31 ||    32
Dodge: Dodged            |    48 |    93 ||   141

Table legend:
 A = Spawn XP
 B = Non-spawn XP
 C = Spawn XP percentage of total XP
 D = Spawn monster count
 E = Non-spawn monster count
 F = Spawn count percentage of total count
 G = Total turns spent on level
                    A         B        C        D         E        F      G
               +---------+---------+-------+---------+---------+-------+---------
         Total |       0 |     221 |   0.0 |       0 |      45 |   0.0 |  2105
               +---------+---------+-------+---------+---------+-------+---------
           D:1 |       0 |      42 |   0.0 |       0 |      21 |   0.0 |  1273
           D:2 |       0 |      75 |   0.0 |       0 |      14 |   0.0 |   594
           D:3 |       0 |     104 |   0.0 |       0 |      10 |   0.0 |   238
               +---------+---------+-------+---------+---------+-------+---------
